IL
ROCHESTER RED WINGS @ PAWTUCKET RED SOX
07/13/2045
 
TOP OF THE 1ST
Rochester Red Wings batting - Pitching for Pawtucket Red Sox : RHP Rafael Gonzales
Pitching: RHP Rafael Gonzales
Batting: RHB Josh Zoglmann 0-0: Ground out 5-3 (Groundball, 56S, EV 67.5 MPH)
Batting: RHB Eric Narrow 0-0: Called Strike
0-1: Fly out, F9 (Flyball, 89M, EV 99.4 MPH)
Batting: LHB Matt Patnaude 0-0: Ball
1-0: Ball
2-0: Ball
3-0: Base on Balls
Batting: RHB Aaron Trotman Pickoff Throw to First - Out! 1-3
Top of the 1st over - 0 runs, 0 hits, 0 errors, 0 left on base; Rochester 0 - Pawtucket 0
BOTTOM OF THE 1ST
Pawtucket Red Sox batting - Pitching for Rochester Red Wings : RHP Harry Pratt
Pitching: RHP Harry Pratt
Batting: RHB Nate Dickinson 0-0: Ball
1-0: Bunt missed!
1-1: Foul Ball, location: 2F
1-2: SINGLE (Groundball, 56, EV 95.6 MPH)
Batting: RHB Brandon Perris Pickoff Throw to First - Error! E1
Nate Dickinson to second
0-0: Ball
1-0: Ball
2-0: Swinging Strike
2-1: SINGLE (Groundball, 34D, EV 98.8 MPH)
Nate Dickinson to third
Batting: LHB Shoichi Aso 0-0: Ball
Wild Pitch!
Nate Dickinson scores
Brandon Perris to second
1-0: Ball
2-0: Ball
3-0: Base on Balls
Batting: RHB Ernie Genier 0-0: Ball
1-0: Called Strike
1-1: Called Strike
1-2: Fly out, F4 (Popup, 4D, EV 70.6 MPH)
Batting: RHB Xavier Joslin 0-0: Ball
1-0: Fly out, F4 (Line Drive, 4, EV 68.8 MPH)
Lined into DP, 4-6 (Line Drive, 4, EV 61.9 MPH)
Bottom of the 1st over - 1 run, 2 hits, 1 error, 1 left on base; Rochester 0 - Pawtucket 1
TOP OF THE 2ND
Rochester Red Wings batting - Pitching for Pawtucket Red Sox : RHP Rafael Gonzales
Batting: RHB Aaron Trotman 0-0: Ball
1-0: Foul Ball, location: 2F
1-1: Ground out U3 (Groundball, 3, EV 105.6 MPH)
Batting: SHB Aaron Tatar 0-0: Called Strike
0-1: Called Strike
0-2: Ball
1-2: Strikes out swinging
Batting: RHB Joe Zimmerman 0-0: Ball
1-0: Ball
2-0: Called Strike
2-1: Foul Ball, location: 2F
2-2: Foul Ball, location: 2F
2-2: Strikes out swinging
Top of the 2nd over - 0 runs, 0 hits, 0 errors, 0 left on base; Rochester 0 - Pawtucket 1
BOTTOM OF THE 2ND
Pawtucket Red Sox batting - Pitching for Rochester Red Wings : RHP Harry Pratt
Pitching: RHP Fernando Macias
Batting: LHB Justin Wenzel 0-0: Ground out 4-3 (Groundball, 4S, EV 84.4 MPH)
Batting: LHB Dave Reyes 0-0: Ground out 6-3 (Groundball, 6MS, EV 78.8 MPH)
Batting: RHB Ken Jenkins 0-0: Foul Ball, location: 2F
0-1: Foul Ball, location: 2F
0-2: Ball
1-2: Fly out, F4 (Flyball, 3D, EV 86.2 MPH)
Bottom of the 2nd over - 0 runs, 0 hits, 0 errors, 0 left on base; Rochester 0 - Pawtucket 1
TOP OF THE 3RD
Rochester Red Wings batting - Pitching for Pawtucket Red Sox : RHP Rafael Gonzales
Batting: RHB Cesar Yega 0-0: Called Strike
0-1: Foul Ball, location: 2F
0-2: Strikes out looking
Batting: RHB Brett Steele 0-0: Ball
1-0: Ball
2-0: Foul Ball, location: 2F
2-1: Ball
3-1: Base on Balls
Batting: RHB Alvin Wiederhold 0-0: Ball
1-0: Called Strike
1-1: Ball
2-1: Fielders Choice at 2nd, 6-4 (Groundball, 56, EV 83.1 MPH)
Batting: RHB Josh Zoglmann 0-0: Called Strike
0-1: Ball
1-1: 2-RUN HOME RUN (Flyball, 78XD, EV 96.9 MPH), Distance : 389 ft
Batting: RHB Eric Narrow 0-0: Called Strike
0-1: Ball
1-1: Foul Ball, location: 2F
1-2: SINGLE (Groundball, 34D, EV 103.8 MPH)
Batting: LHB Matt Patnaude 0-0: Ball
1-0: Called Strike
Eric Narrow steals 2nd base
1-1: Called Strike
1-2: Strikes out swinging
Top of the 3rd over - 2 runs, 2 hits, 0 errors, 1 left on base; Rochester 2 - Pawtucket 1
BOTTOM OF THE 3RD
Pawtucket Red Sox batting - Pitching for Rochester Red Wings : RHP Fernando Macias
Batting: LHB Noel Wilson 0-0: Ball
1-0: Foul Ball, location: 2F
1-1: Swinging Strike
1-2: Ground out 4-3 (Groundball, 4, EV 88.8 MPH)
Batting: RHB Nate Dickinson 0-0: Swinging Strike
0-1: SOLO HOME RUN (Flyball, 78XD, EV 108.8 MPH), Distance : 422 ft
Batting: RHB Brandon Perris 0-0: Ball
1-0: Swinging Strike
1-1: Ball
2-1: Ball
3-1: Swinging Strike
3-2: Foul Ball, location: 2F
3-2: Ground out 5-3 (Groundball, 56S, EV 71.2 MPH)
Batting: LHB Shoichi Aso 0-0: Called Strike
0-1: SOLO HOME RUN (Flyball, 89XD, EV 100.6 MPH), Distance : 396 ft
Batting: RHB Ernie Genier 0-0: Called Strike
0-1: Ball
1-1: Foul Ball, location: 2F
1-2: Ball
2-2: Ground out 4-3 (Groundball, 4M, EV 87.5 MPH)
Bottom of the 3rd over - 2 runs, 2 hits, 0 errors, 0 left on base; Rochester 2 - Pawtucket 3
TOP OF THE 4TH
Rochester Red Wings batting - Pitching for Pawtucket Red Sox : RHP Rafael Gonzales
Batting: RHB Aaron Trotman 0-0: Foul Ball, location: 2F
0-1: Fly out, F9 (Flyball, 9S, EV 95.0 MPH)
Batting: SHB Aaron Tatar 0-0: Ball
1-0: Fly out, F8 (Flyball, 78D, EV 81.2 MPH)
Batting: RHB Joe Zimmerman 0-0: Ball
1-0: Foul Ball, location: 2F
1-1: Ball
2-1: Fly out, F3 (Popup, 34, EV 73.8 MPH)
Top of the 4th over - 0 runs, 0 hits, 0 errors, 0 left on base; Rochester 2 - Pawtucket 3
BOTTOM OF THE 4TH
Pawtucket Red Sox batting - Pitching for Rochester Red Wings : RHP Fernando Macias
Batting: RHB Xavier Joslin 0-0: SINGLE (Line Drive, 56, EV 97.5 MPH)
Pitching: LHP Pete Zamarron
Batting: LHB Justin Wenzel 0-0: Called Strike
0-1: Ball
1-1: Ball
2-1: SINGLE (Line Drive, 4MD, EV 109.4 MPH)
Xavier Joslin to second
Batting: LHB Dave Reyes 0-0: Called Strike
0-1: Called Strike
0-2: Ball
1-2: Fielders Choice at 2nd, 3-6 (Groundball, 3S, EV 83.1 MPH)
Xavier Joslin to third
Batting: RHB Ken Jenkins 0-0: Called Strike
0-1: Ground out 4-3 (Groundball, 34, EV 108.8 MPH)
Xavier Joslin scores
Dave Reyes to second
Batting: LHB Noel Wilson 0-0: Ball
1-0: Ball
2-0: Foul Ball, location: 2F
2-1: Foul Ball, location: 2F
2-2: Ground out 4-3 (Groundball, 34D, EV 109.4 MPH)
Bottom of the 4th over - 1 run, 2 hits, 0 errors, 1 left on base; Rochester 2 - Pawtucket 4
TOP OF THE 5TH
Rochester Red Wings batting - Pitching for Pawtucket Red Sox : RHP Rafael Gonzales
Batting: RHB Cesar Yega 0-0: Ball
1-0: Fly out, F9 (Flyball, 9LS, EV 78.8 MPH)
Batting: RHB Brett Steele 0-0: Swinging Strike
0-1: Ball
1-1: Ball
2-1: Ball
3-1: SINGLE (Groundball, 4MD, EV 93.8 MPH)
Batting: RHB Alvin Wiederhold 0-0: Ball
1-0: Foul Ball, location: 2F
1-1: Swinging Strike
1-2: Strikes out swinging
Batting: RHB Josh Zoglmann 0-0: Called Strike
0-1: Ball
Brett Steele is caught stealing 2nd base 2-4
Top of the 5th over - 0 runs, 1 hit, 0 errors, 0 left on base; Rochester 2 - Pawtucket 4
BOTTOM OF THE 5TH
Pawtucket Red Sox batting - Pitching for Rochester Red Wings : LHP Pete Zamarron
Batting: RHB Nate Dickinson 0-0: Ball
1-0: Ball
2-0: Fly out, F9 (Flyball, 9S, EV 86.9 MPH)
Batting: RHB Brandon Perris 0-0: Ball
1-0: Fly out, F8 (Flyball, 8LD, EV 92.5 MPH)
Pitching: LHP Inkei Wakamatsu
Batting: LHB Shoichi Aso 0-0: Foul Ball, location: 2F
0-1: Foul Ball, location: 2F
0-2: Ball
1-2: Ball
2-2: Ball
3-2: Fly out, F8 (Flyball, 89S, EV 72.5 MPH)
Bottom of the 5th over - 0 runs, 0 hits, 0 errors, 0 left on base; Rochester 2 - Pawtucket 4
TOP OF THE 6TH
Rochester Red Wings batting - Pitching for Pawtucket Red Sox : RHP Rafael Gonzales
Batting: RHB Josh Zoglmann 0-0: Foul Ball, location: 2F
0-1: Ball
1-1: Ground out 4-3 (Groundball, 4, EV 85.6 MPH)
Batting: RHB Eric Narrow 0-0: Foul Ball, location: 2F
0-1: SINGLE (Groundball, 34S, EV 67.5 MPH) (infield hit)
Batting: LHB Matt Patnaude 0-0: Ball
1-0: Called Strike
1-1: Ball
2-1: Ball
3-1: Grounds into double play, U6-3 (Groundball, 4M, EV 105.6 MPH)
Top of the 6th over - 0 runs, 1 hit, 0 errors, 0 left on base; Rochester 2 - Pawtucket 4
BOTTOM OF THE 6TH
Pawtucket Red Sox batting - Pitching for Rochester Red Wings : LHP Inkei Wakamatsu
Batting: RHB Ernie Genier 0-0: Ball
1-0: Called Strike
1-1: Ball
2-1: Fly out, F8 (Line Drive, 8RM, EV 90.6 MPH)
Batting: RHB Xavier Joslin 0-0: Ball
1-0: Fly out, F4 (Popup, 34S, EV 85.6 MPH)
Batting: LHB Justin Wenzel 0-0: Ball
1-0: Ball
2-0: Called Strike
2-1: SINGLE (Groundball, 34D, EV 103.1 MPH)
Batting: LHB Dave Reyes 0-0: Ball
1-0: Foul Ball, location: 2F
1-1: Foul Ball, location: 2F
1-2: Ball
2-2: Foul Ball, location: 2F
2-2: Fly out, F9 (Flyball, 9, EV 85.0 MPH)
Bottom of the 6th over - 0 runs, 1 hit, 0 errors, 1 left on base; Rochester 2 - Pawtucket 4
TOP OF THE 7TH
Rochester Red Wings batting - Pitching for Pawtucket Red Sox : RHP Rafael Gonzales
Batting: RHB Aaron Trotman 0-0: Fly out, F9 (Flyball, 9, EV 81.9 MPH)
Batting: SHB Aaron Tatar 0-0: Called Strike
0-1: Called Strike
0-2: Foul Ball, location: 2F
0-2: Strikes out swinging
Batting: RHB Joe Zimmerman 0-0: Called Strike
0-1: Ball
1-1: SINGLE (Line Drive, 3D, EV 95.6 MPH)
Pitching: RHP John McLeod
Batting: RHB Cesar Yega 0-0: Called Strike
0-1: Called Strike
0-2: Ball
1-2: Strikes out looking
Top of the 7th over - 0 runs, 1 hit, 0 errors, 1 left on base; Rochester 2 - Pawtucket 4
BOTTOM OF THE 7TH
Pawtucket Red Sox batting - Pitching for Rochester Red Wings : LHP Inkei Wakamatsu
Pitching: RHP Antonio Alcaraz
Pinch Hitting: LHB Noel Young 0-0: Called Strike
0-1: SOLO HOME RUN (Flyball, 89XD, EV 97.5 MPH), Distance : 389 ft
Batting: LHB Noel Wilson 0-0: Ground out U3 (Groundball, 3, EV 80.6 MPH)
Batting: RHB Nate Dickinson 0-0: Called Strike
0-1: Ball
1-1: Foul Ball, location: 2F
1-2: TRIPLE (Flyball, 89XD, EV 91.2 MPH)
Batting: RHB Brandon Perris 0-0: Ground out 6-3 (Groundball, 6MD, EV 104.4 MPH)
Nate Dickinson scores
Batting: LHB Shoichi Aso 0-0: SOLO HOME RUN (Flyball, 9LD, EV 94.4 MPH), Distance : 350 ft
Batting: RHB Ernie Genier 0-0: Called Strike
0-1: Ball
1-1: Foul Ball, location: 2F
1-2: Ball
2-2: Ball
3-2: Fly out, F4 (Popup, 34S, EV 81.9 MPH)
Bottom of the 7th over - 3 runs, 3 hits, 0 errors, 0 left on base; Rochester 2 - Pawtucket 7
TOP OF THE 8TH
Rochester Red Wings batting - Pitching for Pawtucket Red Sox : RHP John McLeod
Now at 2B: John Bailey
Batting: RHB Brett Steele 0-0: Ball
1-0: Ball
2-0: Called Strike
2-1: SINGLE (Line Drive, 7S, EV 102.5 MPH)
Batting: RHB Alvin Wiederhold 0-0: Swinging Strike
0-1: Ball
1-1: Grounds into double play, 4-6-3 (Groundball, 34, EV 80.0 MPH)
Batting: RHB Josh Zoglmann 0-0: Called Strike
0-1: Foul Ball, location: 2F
0-2: Foul Ball, location: 2F
0-2: Foul Ball, location: 2F
0-2: Foul Ball, location: 2F
0-2: Foul Ball, location: 2F
0-2: Strikes out swinging
Top of the 8th over - 0 runs, 1 hit, 0 errors, 0 left on base; Rochester 2 - Pawtucket 7
BOTTOM OF THE 8TH
Pawtucket Red Sox batting - Pitching for Rochester Red Wings : RHP Antonio Alcaraz
Batting: RHB Xavier Joslin 0-0: Ball
1-0: Called Strike
1-1: Ball
2-1: Ball
3-1: Ground out 4-3 (Groundball, 4M, EV 96.2 MPH)
Pitching: LHP Angel Vidaurri
Batting: LHB Justin Wenzel 0-0: Ball
1-0: Ground out 3-1 (Groundball, 34, EV 75.6 MPH)
Batting: LHB Dave Reyes 0-0: Called Strike
0-1: Called Strike
0-2: Strikes out swinging
Bottom of the 8th over - 0 runs, 0 hits, 0 errors, 0 left on base; Rochester 2 - Pawtucket 7
TOP OF THE 9TH
Rochester Red Wings batting - Pitching for Pawtucket Red Sox : RHP John McLeod
Batting: RHB Eric Narrow 0-0: Called Strike
0-1: Ball
1-1: Ball
2-1: Foul Ball, location: 2F
2-2: Ball
3-2: Foul Ball, location: 2F
3-2: Foul Ball, location: 2F
3-2: Foul Ball, location: 2F
3-2: Base on Balls
Batting: LHB Matt Patnaude 0-0: Ball
1-0: Called Strike
1-1: Called Strike
1-2: Strikes out looking
Pitching: RHP Parker French
Batting: RHB Aaron Trotman 0-0: Ball
1-0: Grounds into double play, 6-4-3 (Groundball, 6D, EV 100.6 MPH)
Top of the 9th over - 0 runs, 0 hits, 0 errors, 0 left on base; Rochester 2 - Pawtucket 7
Wednesday, June 22nd , 2022 - OOTP Baseball 23.4 Build 64